AoeStats
← BøM_guabao

Arabia

509286728Analyzed
3v3 RM · 5d ago on Sep 26, 2026· 61m 7s· 6 players
Game mode
Random Map
Map size
Normal (6 player)
Population
200
Speed
Normal
Resources
Standard
Victory
Conquest
Starting age
Dark Age
Ending age
Imperial Age
RankedLock teamsTeams togetherTeam positionsShared explorationLock speedFull tech treeHidden civsTurbo modeCheats
Victory
Defeat
🇯🇵 Saxons · Japan
1262
+13
🇨🇳 Vikings · China
1247
+14
🇹🇼 Franks · Taiwan
1227
+15
🇺🇸 Khitans · United States
1234
-15
🇺🇸 Magyars · United States
1232
-16
🇺🇸 Spanish · United States
1130
-11
BøM_guabao
6:01 Loom
10:43 Feudal Age
12:18 Double-Bit Axe
23:42 Castle Age
22:48 Scale Barding Armor
25:34 Bow Saw
29:24 Husbandry
30:13 Town Watch
35:18 Chain Barding Armor
37:00 Forging
40:17 Imperial Age
38:56 Wheelbarrow
41:24 Iron Casting
41:03 Gold Mining
42:35 Plate Barding Armor
42:19 Town Patrol
42:02 Cavalier
44:27 Hand Cart
47:25 Conscription
48:07 Blast Furnace
53:08 Gold Shaft Mining
55:34 Paladin
59:42 Chivalry
职业杀猪
0:27 Loom
11:03 Feudal Age
11:44 Double-Bit Axe
18:07 Fletching
18:18 Padded Archer Armor
24:39 Castle Age
22:55 Horse Collar
23:18 Gold Mining
24:51 Crossbowman
25:30 Bodkin Arrow
26:23 Leather Archer Armor
26:40 Ballistics
37:11 Bow Saw
41:05 Imperial Age
39:14 Town Watch
41:31 Town Patrol
41:58 Bracer
43:03 Chemistry
41:29 Arbalester
42:47 Conscription
43:51 Heavy Plow
44:55 Two-Man Saw
45:07 Gold Shaft Mining
44:22 Stone Mining
47:16 Elite Skirmisher
47:46 Onager
49:15 Hoardings
48:57 Capped Ram
54:34 Ring Archer Armor
54:57 Scale Mail Armor
55:08 Forging
54:30 Pikeman
55:23 Siege Ram
57:01 Chain Mail Armor
57:22 Iron Casting
56:53 Squires
56:39 Arson
mayoke331
7:11 Loom
9:30 Feudal Age
10:38 Double-Bit Axe
12:38 Wheelbarrow
19:34 Castle Age
18:33 Gold Mining
19:20 Fletching
20:15 Bodkin Arrow
20:35 Bow Saw
20:23 Town Watch
23:08 Bloodlines
25:02 Ballistics
25:42 Husbandry
27:49 Hand Cart
28:30 Stone Mining
29:53 Gold Shaft Mining
30:32 Horse Collar
31:26 Heavy Plow
34:20 Man-at-Arms
37:44 Imperial Age
35:19 Scale Mail Armor
36:18 Chain Mail Armor
36:14 Forging
35:29 Long Swordsman
36:10 Squires
35:56 Gambesons
36:50 Arson
36:32 Pikeman
39:02 Iron Casting
38:07 Two-Handed Swordsman
39:38 Plate Mail Armor
39:30 Shield Wall
41:14 Bracer
41:20 Champion
43:35 Capped Ram
44:28 Siege Ram
45:59 Treadmill Crane
46:42 Halberdier
47:45 Guard Tower
50:19 Chemistry
49:55 Keep
49:40 Arrowslits
50:56 Chemistry
50:07 Masonry
51:14 Two-Man Saw
51:04 Conscription
51:20 Hoardings
51:39 Siege Engineers
51:45 Murder Holes
54:28 Architecture
54:20 Elite Skirmisher
56:02 Padded Archer Armor
57:00 Leather Archer Armor
Spartan1196
6:28 Loom
9:14 Feudal Age
9:53 Double-Bit Axe
11:17 Horse Collar
13:56 Bloodlines
21:15 Castle Age
19:42 Stone Mining
19:45 Gold Mining
20:24 Scale Barding Armor
21:20 Scale Mail Armor
21:51 Pikeman
24:14 Wheelbarrow
24:25 Bow Saw
24:43 Husbandry
25:07 Chain Barding Armor
26:31 Fletching
27:40 Padded Archer Armor
28:02 Bodkin Arrow
29:53 Heavy Plow
30:24 Chain Mail Armor
31:01 Town Watch
32:42 Ballistics
33:23 Hand Cart
34:24 Padded Archer Armor
34:36 Masonry
34:21 Elite Skirmisher
35:24 Thumb Ring
37:53 Leather Archer Armor
42:32 Imperial Age
42:50 Elite Magyar Huszar
43:51 Conscription
44:24 Plate Barding Armor
44:49 Parthian Tactics
46:20 Chemistry
46:04 Ring Archer Armor
46:25 Gold Shaft Mining
46:48 Recurve Bow
46:34 Heavy Cavalry Archer
49:47 Corvinian Army
51:27 Bracer
53:18 Treadmill Crane
58:36 Siege Engineers
Spartan3100
9:57 Feudal Age
8:41 Loom
11:08 Double-Bit Axe
11:13 Domestication
12:49 Forging
15:14 Scale Barding Armor
17:30 Fletching
18:38 Padded Archer Armor
19:37 Domestication
21:21 Gold Mining
21:22 Stone Mining
24:55 Castle Age
26:24 Iron Casting
26:24 Bow Saw
26:14 Elite Skirmisher
27:01 Bodkin Arrow
30:01 Leather Archer Armor
31:16 Ballistics
34:30 Wheelbarrow
35:01 Pastoralism
35:18 Husbandry
35:21 Heavy Cavalry Archer
36:53 Treadmill Crane
36:59 Treadmill Crane
37:40 Thumb Ring
40:06 Chain Barding Armor
40:07 Masonry
47:22 Imperial Age
49:28 Bracer
49:31 Light Cavalry
50:56 Ring Archer Armor
52:04 Chemistry
51:43 Hand Cart
Killer Wambat
10:55 Feudal Age
9:15 Loom
15:01 Castle Age
13:09 Stone Mining
14:33 Gold Mining
24:49 Scale Barding Armor
28:12 Wheelbarrow
30:14 Bloodlines
30:05 Husbandry
32:35 Double-Bit Axe
32:40 Horse Collar
36:22 Hand Cart
37:01 Chain Barding Armor
40:09 Forging
44:00 Imperial Age
43:41 Iron Casting
44:12 Cavalier
45:29 Plate Barding Armor
45:55 Blast Furnace
46:38 Heavy Plow
46:51 Bow Saw
49:03 Paladin
52:26 Stone Shaft Mining
57:27 Light Cavalry
Connection lost

Rejoining the realm…

Still unreachable

The connection could not be restored.

Session expired

The server has moved on; the page needs a fresh start.